 Dungeon Crawl Stone Soup version 0.21.1-1-g345015f (webtiles) character file.

30 tidbits the Insei (level 3, 0/28 HPs)
             Began as a Gnoll Transmuter on Mar 14, 2018.
             Was an Initiate of Cheibriados.
             Slain by an orc wizard
             ... wielding a +0 dagger
              (6 damage)
             ... on level 3 of the Dungeon.
             The game lasted 00:04:25 (491 turns).

tidbits the Insei (Gnoll Transmuter)                 Turns: 491, Time: 00:04:26

Health: 0/28       AC:  3    Str: 13    XL:     3   Next: 20%
Magic:  9/9        EV: 15    Int: 17    God:    Cheibriados [......]
Gold:   57         SH:  0    Dex: 16    Spells: 5/12 levels left

rFire    . . .     SeeInvis .     - Unarmed
rCold    . . .     Gourm    .   (no shield)
rNeg     . . .     Faith    .   B - +0 robe
rPois    .         Spirit   .   E - +0 helmet
rElec    .         Reflect  .   (no cloak)
rCorr    .         Harm     .   (no gloves)
MR       .....                  (boots currently unavailable)
Stlth    ++........             (no amulet)
HPRegen  0.09/turn              (no ring)
MPRegen  0.11/turn              (no ring)

@: appendage, very slightly contaminated, slowed, very slow
A: distributed training, fangs 1, talons 3, strong nose
a: End Transformation, Bend Time, Renounce Religion


You were on level 3 of the Dungeon.
You worshipped Cheibriados.
Cheibriados was noncommittal.
You were not hungry.
You had grown temporary talons.
You visited 2 branches of the dungeon, and saw 5 of its levels.

You collected 57 gold pieces.

Inventory:

Hand Weapons
 j - a +0 dagger
Missiles
 a - 44 arrows
Armour
 B - a +0 robe (worn)
 D - a cursed +0 buckler
 E - a +0 helmet (worn)
Scrolls
 b - 2 scrolls of identify {unknown}
 f - a scroll of enchant weapon {unknown}
 h - a scroll of remove curse {unknown}
Potions
 e - a potion of brilliance
Books
 c - a book of Changes

   Spells                             Type                      Level
   a - Beastly Appendage              Transmutation                1
   b - Sticks to Snakes               Transmutation                2
   c - Spider Form                    Transmutation/Poison         3
   d - Ice Form                       Ice/Transmutation            4
   e - Blade Hands                    Transmutation                5
 g - a book of Minor Magic
   (You found it on level 2 of the Dungeon)

   Spells                             Type                      Level
   a - Magic Dart                     Conjuration                  1
   b - Blink                          Translocation                2
   c - Call Imp                       Summoning                    2
   d - Slow                           Hexes                        2
   e - Conjure Flame                  Conjuration/Fire             3
   f - Mephitic Cloud                 Conjuration/Poison/Air       3
Comestibles
 d - 7 rations


   Skills:
 + Level 2.5 Fighting
 + Level 0.6 Short Blades
 + Level 0.6 Long Blades
 + Level 0.6 Axes
 + Level 0.6 Maces & Flails
 + Level 0.6 Polearms
 + Level 0.6 Staves
 + Level 0.6 Slings
 + Level 0.6 Bows
 + Level 0.6 Crossbows
 + Level 0.6 Throwing
 + Level 0.6 Armour
 + Level 4.5 Dodging
 + Level 0.6 Stealth
 + Level 0.6 Shields
 + Level 6.5 Unarmed Combat
 + Level 5.0 Spellcasting
 + Level 0.4 Conjurations
 + Level 0.4 Hexes
 + Level 0.4 Charms
 + Level 0.4 Summonings
 + Level 0.4 Necromancy
 + Level 0.4 Translocations
 + Level 3.7 Transmutations
 + Level 0.4 Fire Magic
 + Level 0.4 Ice Magic
 + Level 0.4 Air Magic
 + Level 0.4 Earth Magic
 + Level 0.4 Poison Magic
 + Level 0.8 Invocations
 + Level 0.6 Evocations


You had 5 spell levels left.
You knew the following spells:

 Your Spells              Type           Power        Failure   Level  Hunger
a - Magic Dart            Conj           #...         12%         1    None
e - Beastly Appendage     Tmut           ###...       3%          1    None
k - Sticks to Snakes      Tmut           ###.....     4%          2    #......
p - Spider Form           Tmut/Pois      ##........   19%         3    ###....


Dungeon Overview and Level Annotations

Branches:
Dungeon (4/15)             Temple (1/1) D:4

Altars:
Cheibriados
Dithmenos
Fedhas
Kikubaaqudgha
Okawaru
Qazlal
Ru
Sif Muna
Trog
Uskayaw
Vehumet
Wu Jian
Xom
Yredelemnul


Innate Abilities, Weirdness & Mutations

Your experience applies equally to all skills.
You have very sharp teeth.
Your uncanny sense of smell can sniff out nearby items.
You have claws for feet.


Message History

The bat closely misses you.
An orc comes into view. It is wielding a mace.
The bat completely misses you.
Found 10 gold pieces and 11 arrows.
You hit the bat.
The bat is poisoned.
The bat is heavily wounded.
The orc shouts!
You kill the bat!
Cheibriados thoroughly appreciates the change of pace.
Your transformation is almost over.
The orc hits you with a mace.
You hit the orc.
The orc is poisoned.
The orc is moderately wounded.
You hit the orc.
You kill the orc!
Cheibriados appreciates the change of pace.
Things that are here:
a mace; a leather armour; an orc corpse Your transformation has ended.
Your +0 helmet unmelds from your body.
Your +0 robe unmelds from your body.
You see here 11 arrows.
a - 46 arrows (gained 11)
You open the door.
There is an open door here.
Unknown command.
Unknown command. 2 orc wizards come into view.
The orc wizard shouts!
You hear a shout!
A bat comes into view.
The orc wizard gestures at you while chanting.
The magic dart hits you!
Casting: Spider Form
Confirm with . or Enter, or press ? or * to list all spells.
You turn into a venomous arachnid creature.
Your +0 helmet melds into your body.
Your +0 robe melds into your body.
The bat barely misses you. The bat barely misses you.
The bat closely misses you. The bat completely misses you.
You hear the brisk rusting of a drain nearby.
The bat hits you.
The orc wizard gestures at you while chanting.
The magic dart hits you!
Your transformation is almost over.
The bat completely misses you.
Casting: Spider Form
Confirm with . or Enter, or press ? or * to list all spells.
You create a snake!
You now have 45 arrows.
The bat hits your ball python. The bat barely misses your ball python.
Something barely misses your ball python.
The bat barely misses your ball python. The bat hits your ball python. x2
Your ball python dies!
The bat completely misses you.
You closely miss the bat. The bat closely misses you.
Casting: Sticks to Snakes
Confirm with . or Enter, or press ? or * to list all spells.
You miscast Sticks to Snakes.
You are very lightly contaminated with residual magic.
Strange energies run through your body.
The orc wizard points at you and mumbles some strange words.
You feel yourself slow down.
Casting: Sticks to Snakes
Confirm with . or Enter, or press ? or * to list all spells.
You create a snake!
You now have 44 arrows.
Your transformation has ended.
Your +0 helmet unmelds from your body.
Your +0 robe unmelds from your body.
You barely miss the orc wizard.
You bite the orc wizard, but do no damage.
Your adder bites the orc wizard.
The orc wizard hits you with a dagger.
* * * LOW HITPOINT WARNING * * *
Your adder bites the orc wizard.
Casting: Sticks to Snakes
Confirm with . or Enter, or press ? or * to list all spells.
You don't have enough magic to cast that spell.
Casting: Sticks to Snakes
Confirm with . or Enter, or press ? or * to list all spells.
Your feet morph into talons.
Your adder completely misses the orc wizard.
The orc wizard closely misses you.
Your adder bites the orc wizard.
The orc wizard is poisoned.
Your adder poisons the orc wizard!
The orc wizard hits you with a dagger!
* * * LOW HITPOINT WARNING * * *
Casting: Beastly Appendage
Confirm with . or Enter, or press ? or * to list all spells.
Aiming: Magic Dart
Press: ? - help, Shift-Dir - straight line, f - orc wizard
Aim: an orc wizard, wielding a dagger and wearing a robe (severely wounded, poisoned)
The magic dart hits the orc wizard.
The orc wizard is severely wounded.
Your adder bites the orc wizard but does no damage.
The orc wizard hits your adder with a dagger.
Your adder barely misses the orc wizard.
Unknown command.
It was a potion of magic.
Magic courses through your body.
Your adder completely misses the orc wizard.
The orc wizard casts a spell at your adder.
The magic dart hits your adder.
Your adder dies!
The orc wizard hits you with a dagger.
You die...

#[. #.#.. .........o.#∆ .. ....
............# #. #..#
#............# #.##..#
#............# #..#..#
#............# ######.#).###
#...........$# ..........#..
#...........o############...#.#
#............#@...#.......>.#.#
#............#o##.#.#..........
#####.........b##.#...........#
#..............##....###...####
#.............†........'....# #
#......#'#...#..####.###....# #
#......#.#...#..# #...####.# #
#......#.#.).#..# #.#.# .# #
#......#.#...#..# #.#.# .# #


You could see an orc wizard and a bat.

Vanquished Creatures
  An adder (D:3)
  A worm (D:4)
  An orc (D:3)
  A ball python (D:2)
  2 bats
  2 giant cockroaches
  A goblin (D:3)
  3 hobgoblins
  2 quokkas
  A frilled lizard (D:1)
  A jackal skeleton (D:4)
16 creatures vanquished.

Notes
Turn   | Place    | Note
-------+----------+-------------------------------------------
     0 | D:1      | tidbits the Gnoll Transmuter began the quest for the Orb.
     0 | D:1      | Reached XP level 1. HP: 17/17 MP: 6/6
   109 | D:2      | Reached XP level 2. HP: 15/23 MP: 5/7
   113 | D:2      | Learned a level 2 spell: Sticks to Snakes
   247 | D:4      | Found a staircase to the Ecumenical Temple.
   253 | Temple   | Entered the Ecumenical Temple
   271 | Temple   | Became a worshipper of Cheibriados the Contemplative
   373 | D:4      | Reached XP level 3. HP: 28/28 MP: 7/9
   376 | D:4      | Learned a level 1 spell: Magic Dart
   408 | D:3      | Reached skill level 5 in Spellcasting
   413 | D:3      | Learned a level 3 spell: Spider Form
   491 | D:3      | Slain by an orc wizard

Skill      XL: |  1  2  3 |
---------------+----------+-----
Spellcasting   | 5 |  5.0
Fighting       | |  2.5
Short Blades   | |  0.6
Long Blades    | |  0.6
Axes           | |  0.6
Maces & Flails | |  0.6
Polearms       | |  0.6
Staves         | |  0.6
Slings         | |  0.6
Bows           | |  0.6
Crossbows      | |  0.6
Throwing       | |  0.6
Armour         | |  0.6
Dodging        | |  4.5
Stealth        | |  0.6
Shields        | |  0.6
Unarmed Combat | |  6.5
Conjurations   | |  0.4
Hexes          | |  0.4
Charms         | |  0.4
Summonings     | |  0.4
Necromancy     | |  0.4
Translocations | |  0.4
Transmutations | |  3.7
Fire Magic     | |  0.4
Ice Magic      | |  0.4
Air Magic      | |  0.4
Earth Magic    | |  0.4
Poison Magic   | |  0.4
Invocations    | |  0.8
Evocations     | |  0.6

Action                   || total
-------------------------++-------
Melee: Unarmed           ||    45
       Kick              ||     3
       Dagger            ||     1
       Punch             ||     1
       Bite              ||     1
 Cast: Beastly Appendage ||    12
       Sticks to Snakes  ||     4
       Spider Form       ||     2
       Magic Dart        ||     1
  Use: Potion            ||     3
 Stab: Sleeping          ||     1
Armor: Robe              ||     4
Dodge: Dodged            ||    36

Table legend:
 A = Turns spent in this place as a percentage of turns spent in the entire game.
 B = Non-inter-level travel turns spent in this place as a percentage of non-inter-level travel turns spent in the entire game.
 C = Inter-level travel turns spent in this place as a percentage of turns spent in this place.
 D = Turns resting spent in this place as a percentage of non-inter-level travel turns spent in this place.
 E = Turns spent auto-exploring this place as a percentage of non-inter-level travel turns spent in this place.
 F = Non-inter-level travel turns spent in this place divided by the number of levels of this place that you've seen.
                   A       B       C       D       E      F
               +-------+-------+-------+-------+-------+----------------------
         Total | 100.0 | 100.0 |   0.0 |   0.0 |   0.0 |  98.2
       Dungeon |  94.9 |  94.9 |   0.0 |   0.0 |   0.0 | 116.5
        Temple |   5.1 |   5.1 |   0.0 |   0.0 |   0.0 |  25.0
               +-------+-------+-------+-------+-------+----------------------

Table legend:
 A = Kills in this place as a percentage of kills in entire the game.
 B = Kills by you in this place as a percentage of kills by you in the entire game.
 C = Kills by friends in this place as a percentage of kills by friends in the entire game.
 D = Other kills in this place as a percentage of other kills in the entire game.
 E = Experience gained in this place as a percentage of experience gained in the entire game.
 F = Experience gained in this place divided by the number of levels of this place that you have seen.
                   A       B       C       D       E      F
               +-------+-------+-------+-------+-------+----------------------
         Total | 100.0 | 100.0 |   N/A |   N/A | 100.0 |   8.8
       Dungeon | 100.0 | 100.0 |   N/A |   N/A | 100.0 |  11.0
               +-------+-------+-------+-------+-------+----------------------

Vault maps used:
D:1:      scummos_arrival_star, minmay_cut_off
D:2:      chequers_temple_overflow_minitemple
D:3:      first_ration, lightli_sewer_entry_pipes, minmay_misc_feat_diagonals
D:4:      minmay_temple_entry_hall
Temple:   nicolae_temple_x_marks_the_god
